 Dungeon Crawl Stone Soup version 0.30-a0-630-g881e3bac89 (webtiles) character file.

Game seed: 2897405940585503015

1 Fenrisus the Covered (level 1, 0/19 HPs)
             Began as a Barachi Fighter on Jan 13, 2023.
             Slain by a kobold
             ... wielding a +0 dagger
              (1 damage)
             ... on level 1 of the Dungeon.
             The game lasted 00:00:11 (23 turns).

Fenrisus the Covered (Barachi Fighter)                Turns: 23, Time: 00:00:12

Health: 0/19       AC:  6    Str: 17    XL:     1   Next: 20%
Magic:  1/1        EV:  9    Int:  8    God:
Gold:   0          SH:  4    Dex: 11    Spells: 0/0 levels left

rFire   . . .      SeeInvis .    a - +0 long sword
rCold   . . .      Faith    .    c - +0 buckler
rNeg    . . .      Spirit   .    b - +0 scale mail
rPois   .          Reflect  .    (no helmet)
rElec   .          Harm     .    (no cloak)
rCorr   .          Rampage  .    (no gloves)
Will    .....                    (no boots) Stlth
                                 (no amulet)
HPRegen 0.23/turn                (no ring)
MPRegen 0.07/turn                (no ring)

@: slow
A: amphibious, slowness 1, strong legs 1, +LOS
a: Hop


You were on level 1 of the Dungeon.
You visited 1 branch of the dungeon, and saw 1 of its levels.

Inventory:

Hand Weapons
 a - a +0 long sword (weapon)
Armour
 b - a +0 scale mail (worn)
 c - a +0 buckler (worn)
Potions
 d - a potion of might


   Skills:
 + Level 3.6 Fighting
 + Level 2.4 Long Blades
 + Level 3.6 Armour
 + Level 3.3 Shields


You couldn't memorise any spells.
You didn't know any spells.
Your spell library was empty.

Dungeon Overview and Level Annotations

Branches:
Dungeon (1/15)

Altars:


Innate Abilities, Weirdness & Mutations

You are amphibious.
You cover ground slowly.
You can hop short distances.
You have an extended range of vision and can be seen from far away.


Message History

You closely miss the kobold. You block the kobold's attack.
The kobold hits you but does no damage.
You hit the kobold but do no damage. The kobold closely misses you.
The kobold hits you with a +0 short sword.
You barely miss the kobold. The kobold hits you but does no damage.
The kobold hits you with a +0 short sword.
The kobold misses you. The kobold hits you but does no damage.
You barely miss the kobold. You block the kobold's attack.
The kobold hits you with a +0 short sword.
You hit the kobold.
The kobold is moderately wounded.
You block the kobold's attack. The kobold closely misses you.
You closely miss the kobold.
The kobold is moderately wounded.
The kobold hits you but does no damage. x2
The kobold hits you with a +0 dagger. You block the kobold's attack.
You miss the kobold.
The kobold is moderately wounded.
The kobold hits you but does no damage. x2
You hit the kobold but do no damage.
The kobold is moderately wounded.
The kobold hits you but does no damage. x2
You slash the kobold!
You kill the kobold!
You block the kobold's attack.
You closely miss the quokka. The quokka barely misses you.
The kobold barely misses you. The quokka bites you.
You block the kobold's attack.
You closely miss the quokka.
The quokka bites you but does no damage.
You block the kobold's attack.
The quokka bites you but does no damage.
You closely miss the quokka. The kobold hits you with a +0 dagger.
The quokka bites you. The kobold hits you with a +0 dagger.
* * * LOW HITPOINT WARNING * * *
You closely miss the quokka. The quokka bites you.
* * * LOW HITPOINT WARNING * * *
The quokka bites you but does no damage.
The kobold hits you with a +0 dagger.
You die...

#####... ...#
.......#######...#
................#
#........<......#
#...####........# #...#
#...##...#
..#####...####..)##...#
...^...K..............#
.......r@.............#
#######################


You could see a quokka and a kobold.

Vanquished Creatures
  A kobold (D:1)
1 creature vanquished.

Notes
Turn   | Place    | Note
-------+----------+-------------------------------------------
     0 | D:1      | Fenrisus the Barachi Fighter began the quest for the Orb.
     0 | D:1      | Reached XP level 1. HP: 18/18 MP: 1/1
    23 | D:1      | Slain by a kobold

Illustrated notes

Levels and vault maps discovered:
D:1:      dpeg_arrival_boxorama, layout_basic

Action                   || total
-------------------------++-------
Melee: Long sword        ||    14
Armor: Scale mail        ||    16
Dodge: Dodged            ||     5
Block: Buckler           ||     7

Table legend: (Time is in decaauts)
 A = Elapsed time spent in this place.
 B = Non-inter-level travel time spent in this place.
 C = Inter-level travel time spent in this place.
 D = Time resting spent in this place.
 E = Time spent auto-exploring this place.
 F = Levels seen in this place.
 G = Mean time per level.
                   A        B        C        D        E       F      G
               +--------+--------+--------+--------+--------+-----+--------+
         Total |     29 |     23 |      6 |      0 |      0 |   1 |   29.0 |
       Dungeon |     29 |     23 |      6 |      0 |      0 |   1 |   29.0 |
               +--------+--------+--------+--------+--------+-----+--------+

Top non-repeatable levels by time:
     D:1: 29 daAuts
